Map: 16-Bit LE

Players

ATP - Winner!

  • Race: Zerg Zerg
  • League: Diamond
  • Spawn Location: 7:00

BunteTunte

  • Race: Zerg Zerg
  • League: Diamond
  • Spawn Location: 1:00

VOD

Have the link to the VOD?

Description

Time

  • Played on: July 21, 2018, 2:58 p.m.
  • Length: 18:27
Show
View Real Time Build Order
Export as new Build Order

ATP Zerg - Winner!

Build Orders: Pool First 

Get SALT Encoding   

  12  0:01  Drone  
  13  0:09  Drone  
  14  0:16  Extractor  
  14  0:17  Drone  
  15  0:23  Overlord  
  15  0:43  Drone  
  15  0:44  Spawning Pool  
  15  0:47  Drone  
  17  0:50  Drone  
  17  0:56  Drone  
  18  1:02  Extractor  
  17  1:06  Drone  
  18  1:18  Drone  
  19  1:34  Queen  
  21  1:40  Hatchery  
  21  1:43  Zergling x2  
  21  1:44  Zergling x2  
  22  1:58  Overlord  
  22  2:13  Metabolic Boost  
  22  2:18  Zergling x4  
  24  2:23  Zergling x2  
  25  2:31  Queen  
  27  2:45  Zergling x6  
  27  2:48  Overlord  
  30  2:54  Zergling x2  
  30  2:55  Zergling x2  
  31  3:11  Drone x2  
  31  3:12  Queen, Drone  
  36  3:25  Evolution Chamber  
  33  3:51  Zergling x2  
  33  3:52  Zergling x14  
  41  3:57  Zerg Melee Weapons Level 1  
  41  4:01  Drone x3  
  44  4:09  Baneling Nest  
  36  4:26  Zergling x12  
  42  4:41  Drone  
  42  4:42  Drone  
  44  4:56  Baneling x2  
  44  4:57  Baneling  
  44  4:59  Baneling x2  
  44  5:01  Baneling  
  44  5:08  Overlord  
  44  5:13  Hatchery  
  42  5:27  Baneling  
  42  5:28  Baneling  
  42  5:33  Baneling x4  
  42  5:34  Baneling x2  
  37  6:07  Lair  
  37  6:13  Drone x6  
  43  6:19  Extractor  
  43  6:20  Extractor  
  43  6:22  Extractor  
  43  6:23  Drone x3  
  43  6:25  Drone x2  
  44  6:27  Drone  
  44  6:28  Drone x3  
  42  6:42  Zergling x10  
  42  6:43  Zergling x10  
  51  6:48  Queen  
  51  6:50  Zergling x6  
  51  6:53  Overlord  
  45  8:07  Drone x2  
  45  8:08  Drone  
  45  8:12  Spire  
  47  8:23  Zergling x2  
  47  8:24  Zergling x18  
  47  8:27  Overlord x2  
  57  8:35  Overlord x2  
  57  8:44  Baneling x2  
  57  8:45  Baneling x2  
  55  9:28  Mutalisk x8  
  61  9:38  Mutalisk  
  61  9:39  Mutalisk x5  
  64  9:46  Zergling x4  
  64  9:47  Zergling x24  
  64  9:51  Zergling x2  
  64  9:52  Zergling x2  
  73  9:53  Zergling x2  
  47  10:43  Zergling x18  
  47  10:44  Zergling x4  
  54  11:13  Zergling x2  
  54  11:14  Zergling x10  
  43  11:43  Zergling x12  
  48  11:59  Drone x4  
  50  12:17  Baneling x2  
  50  12:23  Drone  
  50  12:24  Drone x3  
  43  13:19  Drone x6  
  52  13:20  Drone x3  
  52  13:31  Queen  
  52  13:33  Queen  
  56  13:41  Drone x2  
  56  13:43  Drone x4  
  56  13:48  Queen  
  64  14:02  Spine Crawler  
  63  14:21  Drone x2  
  63  14:22  Drone x3  
  68  14:30  Drone x3  
  71  14:39  Roach Warren  
  71  14:42  Zerg Missile Weapons Level 1  
  70  14:48  Overlord x2  
  70  15:08  Overlord x2  
  70  15:19  Glial Reconstitution  
  70  15:21  Roach  
  70  15:22  Roach x13  
  90  15:44  Roach x4  
  98  16:11  Roach x14  
  118  16:49  Hydralisk Den  
  111  17:20  Roach  
  111  17:21  Roach x8  
  127  17:52  Overlord x6  
  123  18:07  Spore Crawler x2  
  123  18:09  Spore Crawler  
  123  18:10  Spore Crawler  
  123  18:12  Spore Crawler  
  114  18:13  Spore Crawler x2  
Show
View Real Time Build Order
Export as new Build Order

BunteTunte Zerg 

Build Orders: Pool First 

Get SALT Encoding   

  12  0:00  Drone  
  13  0:12  Overlord  
  13  0:17  Drone  
  14  0:30  Drone x2  
  16  0:36  Drone  
  17  0:49  Spawning Pool  
  17  0:50  Drone  
  17  0:52  Extractor  
  17  0:56  Drone  
  17  1:19  Hatchery  
  17  1:23  Drone  
  17  1:26  Drone  
  17  1:30  Drone  
  19  1:39  Zergling x2  
  20  1:49  Overlord  
  20  1:54  Queen  
  20  2:00  Metabolic Boost  
  22  2:07  Zergling x2  
  23  2:11  Drone  
  24  2:21  Drone  
  25  2:31  Queen  
  25  2:32  Zergling x2  
  25  2:35  Zergling x2  
  29  2:42  Zergling x2  
  30  2:45  Drone  
  31  2:57  Zergling x2  
  32  3:03  Hatchery  
  31  3:15  Burrow  
  31  3:16  Extractor  
  31  3:17  Drone x3  
  31  3:18  Drone  
  34  3:22  Drone  
  34  3:25  Drone  
  36  3:48  Zergling x6  
  34  3:49  Overlord, Baneling Nest  
  34  3:53  Spine Crawler  
  34  3:56  Zergling x2  
  34  4:01  Zergling x2  
  36  4:09  Zergling x2  
  37  4:10  Zergling x2  
  37  4:15  Zergling x2  
  37  4:16  Zergling x2  
  39  4:18  Zergling x2  
  37  4:25  Queen, Drone x2  
  37  4:26  Drone  
  39  4:40  Baneling x2  
  39  4:41  Baneling  
  39  4:43  Baneling x2  
  39  4:44  Drone  
  39  4:45  Drone x4  
  43  4:50  Zergling x4  
  45  5:01  Zergling x2  
  45  5:02  Zergling x6  
  45  5:04  Overlord  
  49  5:18  Baneling  
  45  5:22  Zergling x12  
  45  5:23  Zergling x2  
  51  5:31  Baneling x2  
  40  5:51  Zergling x16  
  47  5:58  Zergling x2  
  48  6:04  Baneling  
  48  6:05  Zergling x2, Baneling  
  48  6:06  Zergling x4  
  48  6:07  Baneling  
  48  6:08  Baneling  
  48  6:09  Queen  
  53  6:24  Zergling x10  
  57  6:33  Baneling  
  57  6:34  Baneling x7  
  54  6:43  Zergling x2  
  54  6:44  Zergling x6  
  58  6:47  Baneling  
  58  6:48  Baneling x4  
  56  7:01  Zergling x4  
  58  7:03  Overlord  
  58  7:08  Queen  
  55  7:23  Baneling  
  49  7:35  Zergling x8  
  49  7:36  Zergling x10  
  57  7:41  Baneling x3  
  54  8:04  Zergling x12  
  58  8:06  Baneling x5  
  58  8:08  Queen, Drone x2  
  58  8:09  Drone  
  63  8:24  Zergling x2  
  63  8:25  Zergling x4  
  66  8:29  Baneling  
  66  8:30  Overlord x2, Baneling x2  
  66  8:31  Overlord  
  66  8:39  Spore Crawler  
  66  8:41  Drone  
  66  8:59  Baneling x6  
  66  9:03  Zergling x2  
  66  9:08  Zergling x2  
  66  9:09  Zergling x10  
  73  9:10  Zergling x12  
  73  9:16  Baneling  
  74  9:41  Zergling x2  
  67  9:48  Zergling x4  
  67  9:49  Zergling x22  
  76  10:00  Spore Crawler x2  
  76  10:03  Drone x8  
  76  10:05  Spore Crawler x2  
  72  10:10  Drone  
  72  10:12  Drone  
  67  10:19  Zergling x2  
  67  10:20  Baneling, Zergling x10  
  72  10:21  Baneling x4  
  72  10:34  Zergling x2  
  72  10:35  Zergling x4  
  70  10:38  Spore Crawler  
  54  10:50  Spore Crawler  
  54  10:52  Drone x9, Spore Crawler  
  56  10:59  Spore Crawler  
  53  11:04  Spore Crawler  
  53  11:05  Baneling Nest  
  53  11:07  Drone x6, Spore Crawler  
  53  11:10  Baneling x2  
  54  11:11  Lair  
  54  11:17  Zergling x4  
  54  11:18  Zergling x8  
  60  11:19  Spore Crawler  
  58  11:26  Zergling x2  
  58  11:27  Zergling x8  
  59  11:37  Zergling x4  
  57  11:43  Drone  
  57  11:44  Drone x7  
  61  11:53  Drone  
  61  11:54  Drone x8  
  64  12:01  Baneling  
  64  12:02  Baneling x9  
  64  12:03  Zergling x4  
  66  12:14  Zergling x2, Extractor  
  66  12:15  Zergling x10, Extractor  
  70  12:20  Extractor  
  70  12:22  Extractor  
  63  12:43  Baneling x9  
  63  12:49  Centrifical Hooks  
  63  12:54  Spire  
  61  12:59  Spore Crawler  
  54  13:21  Drone x4  
  54  13:22  Drone x4  
  62  13:40  Spire  
  61  13:42  Drone  
  61  13:43  Drone x8  
  70  13:49  Zergling x22  
  70  13:50  Zergling x2  
  82  13:57  Overlord x4  
  82  14:18  Baneling x12  
  82  14:32  Corruptor, Hatchery  
  82  14:33  Corruptor x2  
  82  14:34  Corruptor  
  89  14:39  Corruptor  
  91  14:57  Corruptor x3  
  95  15:00  Queen  
  95  15:06  Corruptor, Baneling x2  
  99  15:40  Corruptor  
  99  15:41  Corruptor x5  
  110  15:44  Baneling  
  110  15:45  Baneling x6  
  110  15:52  Corruptor x2, Baneling  
  110  15:54  Drone  
  110  15:55  Drone x2  
  117  16:08  Corruptor  
  117  16:10  Overlord  
  119  16:14  Hatchery  
  106  16:26  Zergling x2  
  106  16:27  Zergling x10  
  106  16:29  Zergling x2  
  106  16:30  Zergling x14  
  119  16:38  Zergling x6  
  119  16:39  Zergling x2  
  120  16:42  Overlord x2  
  110  16:56  Drone  
  110  16:57  Roach Warren, Drone x2  
  103  17:03  Zergling x6  
  103  17:04  Zergling x12  
  110  17:12  Spire, Extractor  
  110  17:14  Extractor  
  106  17:19  Zergling x2  
  106  17:20  Zergling x6  
  105  17:33  Baneling x4  
  101  17:41  Roach x7  
  101  17:42  Roach  
  104  17:45  Roach  
  104  17:48  Roach x2  
  106  18:03  Roach x4  
  106  18:04  Roach  
Tags
 
Add a new tag
Caveats
  • Supply blocks, unpowered buildings, or Contaminate may cause inaccurate times.
  • Supply counts are checked every 10 seconds.